 Dungeon Crawl Stone Soup version 0.29.1-12-g30fa7ad0bf (webtiles) character file.

Game seed: 12433924126742861266

1201 FexLirch the Thaumaturge (level 9, -7/62 HPs)
             Began as a Meteoran Earth Elementalist on Jan 15, 2023.
             Was a Follower of Sif Muna.
             Mangled by an orc warrior
             ... wielding a +0 hand axe
              (17 damage)
             ... on level 6 of the Dungeon.
             The game lasted 00:14:37 (1638 turns).

FexLirch the Thaumaturge (MeEE)                     Turns: 1638, Time: 00:14:38

Health: -7/62      AC:  3    Str:  9    XL:     9   Next: 3%
Magic:  8/22       EV: 12    Int: 22    God:    Sif Muna [*.....]
Gold:   146        SH:  0    Dex: 15    Spells: 18/24 levels left

rFire   + . .      SeeInvis .   b - staff of earth
rCold   . . .      Faith    .   (no shield)
rNeg    . . .      Spirit   .   a - +1 robe
rPois   .          Reflect  .   (no helmet)
rElec   .          Harm     .   (no cloak)
rCorr   .          Rampage  .   (no gloves)
Will    ++...                   (no boots)
Stlth   +.........              (no amulet)
HPRegen 0.20/turn               d - ring of protection from fire
MPRegen 0.18/turn               p - ring of willpower

@: glowing
A: sense surroundings 2, otherworldly, glowing, explore regen
a: Renounce Religion, Channel Magic


You were on level 6 of the Dungeon.
You worshipped Sif Muna.
Sif Muna was aware of your devotion.
You visited 2 branches of the dungeon, and saw 8 of its levels.
You also visited: Ossuary.

You collected 146 gold pieces.

Inventory:

Hand Weapons
 f - a +2 spear of venom
 l - a +0 hand axe of electrocution
Armour
 a - a +1 robe (worn)
Magical Staves
 b - a staff of earth (weapon)
 g - a staff of conjuration
Jewellery
 d - a ring of protection from fire (left hand)
 p - a ring of willpower (right hand)
Scrolls
 e - a scroll of enchant weapon {unknown}
 h - a scroll of vulnerability
 m - a scroll of summoning {unknown}
 r - 2 scrolls of noise
 s - a scroll of torment {unknown}
 t - a scroll of fog {unknown}
Potions
 c - a potion of curing
 i - 2 potions of ambrosia
 j - 2 potions of berserk rage
 k - a potion of degeneration {unknown}
 n - a potion of mutation {unknown}
 o - 2 potions of might
 q - a potion of flight {unknown}
 u - 2 potions of haste {unknown}


   Skills:
 - Level 2.4 Dodging
 - Level 1.4 Stealth
 + Level 8.4 Spellcasting
 + Level 5.2 Conjurations
 - Level 1.2 Transmutations
 + Level 2.8 Ice Magic
 + Level 3.0 Air Magic
 - Level 6.0 Earth Magic


You had 18 spell levels left.
You knew the following spells:

 Your Spells              Type           Power      Damage    Failure   Level
a - Sandblast             Erth           100%       2d20      1%          1
b - Passwall              Tmut/Erth      30%        N/A       2%          2
c - Stone Arrow           Conj/Erth      100%       3d13      2%          3

Your spell library contained the following spells:

 Spells                   Type           Power      Damage    Failure   Level
 Beastly Appendage        Tmut           28%        N/A       4%          1
 Wereblood                Tmut           14%        N/A       7%          2
 Petrify                  Tmut/Erth      37%        N/A       16%         4
 Spider Form              Tmut/Pois      11%        N/A       17%         3
 Freezing Cloud           Conj/Ice/Air   12%        6-21      41%         5
 Simulacrum               Ice/Necr       7%         N/A       99%         6
 Polar Vortex             Ice            10%        N/A       100%        9


Dungeon Overview and Level Annotations

Branches:
Dungeon (7/15) Zot: 2851   Temple (1/1) D:5 Zot: 544 Ossuary (visited)

Altars:
Ashenzari
Dithmenos
Elyvilon
Fedhas
Gozag
Hepliaklqana
Kikubaaqudgha
Makhleb
Nemelex Xobeh
Qazlal
Ru
Sif Muna
Trog
Vehumet
Xom
Zin


Innate Abilities, Weirdness & Mutations

You passively map the area around you.
You are easily found by Zot.
You glow in the dark.
You regain HP and MP as you explore.


Message History

Aiming: Sandblast (safe; 1% risk of failure)
Press: ? - help, Shift-Dir - straight line, f/p - orc warrior
Aim: an orc warrior, wielding a +0 hand axe and wearing a +3 plate armour (severely wounded, 85% to hit)
You feel a surge of power!
The blast of sand hits the orc!!!
You kill the orc!
Sif Muna accepts your kill. The orc warrior closely misses you.
Casting: Sandblast (safe; 1% risk of failure)
Confirm with . or Enter, or press ? or * to list all spells.
Aiming: Sandblast (safe; 1% risk of failure)
Press: ? - help, Shift-Dir - straight line, f/p - orc warrior
Aim: an orc warrior, wielding a +0 hand axe and wearing a +3 plate armour (severely wounded, 85% to hit)
You feel a surge of power!
The blast of sand hits the orc warrior but does no damage.
The orc warrior is severely wounded.
The orc warrior hits you with a +0 hand axe!
* * * LOW HITPOINT WARNING * * *
Casting: Sandblast (safe; 1% risk of failure)
Confirm with . or Enter, or press ? or * to list all spells.
Aiming: Sandblast (safe; 1% risk of failure)
Press: ? - help, Shift-Dir - straight line, f/p - orc warrior
Aim: an orc warrior, wielding a +0 hand axe and wearing a +3 plate armour (severely wounded, 85% to hit)
You feel a surge of power!
The blast of sand hits the orc warrior.
The orc warrior is almost dead.
The orc warrior hits you with a +0 hand axe.
* * * LOW HITPOINT WARNING * * *
The orc warrior hits you with a +0 hand axe!
* * * LOW HITPOINT WARNING * * *
Casting: Sandblast (safe; 1% risk of failure)
Confirm with . or Enter, or press ? or * to list all spells.
Aiming: Sandblast (safe; 1% risk of failure)
Press: ? - help, Shift-Dir - straight line, f/p - orc warrior
Aim: an orc warrior, wielding a +0 hand axe and wearing a +3 plate armour (almost dead, 85% to hit)
You feel a surge of power!
The blast of sand hits the orc warrior but does no damage.
The orc warrior is almost dead.
The orc warrior barely misses you.
You feel better.
The orc warrior hits you with a +0 hand axe!
You die...

*#############
*
......Yo@...#
,....##.####.#
* *. *#)** #.#
, ,.Y ##'## *
##. *#...# , *
**#. #.(.####
* , ..
###(##.. ,
####.#(#.# *
######...#.(.#


You could see an orc warrior and a sky beast.

Vanquished Creatures
  2 ogres (D:6)
  2 phantoms
  An elf zombie (Ossuary)
  A kobold brigand (D:6)
  A bullfrog (D:6)
  A scorpion (D:6)
  3 centaur zombies (Ossuary)
  3 hounds (D:5)
  A human zombie (Ossuary)
  An orc priest (D:5)
  6 orc wizards (D:5)
  2 iguanas (D:5)
  2 mummies (Ossuary)
  A gnoll (D:7)
  4 adders
  2 shadow imps (D:6)
  An adder zombie (Ossuary)
  2 dart slugs
  20 orcs
  6 endoplasms
  5 goblins
  5 hobgoblins
  A quokka (D:4)
  2 ball pythons (D:1)
  6 bats
  2 frilled lizards (D:1)
  A goblin zombie (Ossuary)
  8 hobgoblin zombies (Ossuary)
  A jackal zombie (Ossuary)
  6 kobolds
  14 kobold zombies (Ossuary)
  6 orc zombies (Ossuary)
  5 rats
  A rat zombie (Ossuary)
  A spectral kobold (D:1)
126 creatures vanquished.

Notes
Turn   | Place    | Note
-------+----------+-------------------------------------------
     0 | D:1      | FexLirch the Meteoran Earth Elementalist began the quest
                  | for the Orb.
     0 | D:1      | Reached XP level 1. HP: 14/14 MP: 5/5
    90 | D:1      | Reached XP level 2. HP: 20/20 MP: 3/6
   114 | D:1      | Reached skill level 3 in Spellcasting
   114 | D:1      | Reached skill level 1 in Conjurations
   121 | D:1      | Learned a level 2 spell: Passwall
   158 | D:2      | Reached XP level 3. HP: 23/26 MP: 6/8
   166 | D:2      | Learned a level 3 spell: Stone Arrow
   246 | D:1      | Found a faded altar of an unknown god.
   385 | D:3      | Reached XP level 4. HP: 20/33 MP: 3/10
   595 | D:5      | Entered Level 5 of the Dungeon
   703 | D:5      | Reached skill level 4 in Spellcasting
   703 | D:5      | Reached XP level 5. HP: 38/38 MP: 6/12
   726 | D:5      | Found a staircase to the Ecumenical Temple.
   736 | Temple   | Entered the Ecumenical Temple
   827 | D:6      | Found a sand-covered staircase.
   831 | Ossuary  | Entered an ossuary
   930 | Ossuary  | Reached skill level 5 in Earth Magic
   930 | Ossuary  | Reached XP level 6. HP: 33/45 MP: 7/13
  1035 | Ossuary  | Identified a scroll of acquirement
  1035 | Ossuary  | Acquired a staff of earth
  1044 | Ossuary  | Reached skill level 5 in Spellcasting
  1044 | Ossuary  | Reached XP level 7. HP: 4/50 MP: 1/15
  1164 | D:6      | Reached skill level 6 in Spellcasting
  1215 | D:5      | Found a shimmering altar of Xom.
  1279 | D:5      | Reached skill level 7 in Spellcasting
  1294 | D:5      | Found a shimmering blue altar of Sif Muna.
  1298 | D:5      | Reached XP level 8. HP: 52/57 MP: 10/19
  1303 | D:5      | Became a worshipper of Sif Muna the Loreminder
  1409 | D:5      | Reached skill level 1 in Ice Magic
  1409 | D:5      | Reached skill level 1 in Air Magic
  1459 | D:6      | Reached skill level 8 in Spellcasting
  1470 | D:6      | Reached skill level 5 in Conjurations
  1486 | D:7      | Noticed a wyvern
  1610 | D:6      | Gained mutation: You passively map the area around you.
                  | [Meteoran growth]
  1610 | D:6      | Reached XP level 9. HP: 55/62 MP: 18/22
  1612 | D:6      | Reached * piety under Sif Muna
  1638 | D:6      | Mangled by an orc warrior

Illustrated notes

Levels and vault maps discovered:
D:1:      dpeg_arrival_simpleton_b, layout_loops_ring,
          dreamdust_ecumenical_altar_drowned_temple
D:2:      layout_basic
D:3:      layout_loops_cross, mainiacjoe_overflow_alcove_4
D:4:      layout_loops_ring, lemuel_zombie_altar_yredelemnul, slow_altar_1,
          serial_shops, shop, minmay_diced_spiral
D:5:      layout_gridville, kennysheep_orc_sif_temple, xom_teletrap_fun,
          minmay_temple_entry_statues_pillars, st_stairs_6,
          kennysheep_generic_room_11
D:6:      layout_loops_cross, hellmonk_ghost_happy_afterlife, enter_ossuary_5,
          kennysheep_cross_bottleneck, nicolae_shop_fire_sale
          [nicolae_sub_dead_trees], minmay_unpleasant_kobolds
D:7:      layout_basic, old_standard_altar,
          mainiacjoe_overflow_concentric_impassable,
          gammafunk_ghost_wrathful_warriors, minmay_manual_moon
Temple:   zaba_magenta_temple

Skill      XL: |  1  2  3  4  5  6  7  8 |
---------------+-------------------------+-----
Spellcasting   | 3 4 5 7 8 |  8.4
Conjurations   | 1 2 3 4 5 |  5.2
Earth Magic    | 4 5 6 |  6.0
Ice Magic      | 2 |  2.8
Air Magic      | 3 |  3.0
Dodging        | |  2.4
Stealth        | |  1.4
Transmutations | |  1.2

Action                   |  1- 3 |  4- 6 |  7- 9 || total
-------------------------+-------+-------+-------++-------
Melee: Staff             |     1 |     1 |     2 ||     4
       Hand axe          |       |     9 |    10 ||    19
 Cast: Sandblast         |    35 |    78 |    45 ||   158
       Passwall          |       |     6 |     5 ||    11
       Stone Arrow       |       |     5 |    33 ||    38
  Use: Scroll            |       |     3 |     4 ||     7
       Potion            |       |     1 |     3 ||     4
Armor: Robe              |     3 |    23 |     6 ||    32
Dodge: Dodged            |     7 |    38 |    25 ||    70
